 Dungeon Crawl Stone Soup version 0.28-a0-1429-gf3d713df7a (webtiles) character file.

Game seed: 7766401253056376405

200 bearlyready the Caller (level 5, -3/37 HPs)
             Began as a Gnoll Summoner on Jan 8, 2022.
             Slain by Natasha (5 damage)
             ... on level 1 of the Dungeon.
             The game lasted 00:03:54 (3509 turns).

bearlyready the Caller (Gnoll Summoner)             Turns: 3509, Time: 00:03:54

Health: -3/37      AC:  3    Str:  7    XL:     5   Next: 78%
Magic:  11/12      EV: 13    Int: 16    God:
Gold:   158        SH:  0    Dex: 13    Spells: 13/14 levels left

rFire   . . .      SeeInvis .   g - +0 dagger
rCold   . . .      Faith    .   (no shield)
rNeg    . . .      Spirit   .   a - +0 robe
rPois   .          Reflect  .   (no helmet)
rElec   .          Harm     .   (no cloak)
rCorr   .          Rampage  .   p - +0 pair of gloves
Will    .....                   (no boots)
Stlth   +++.......              (no amulet)
HPRegen 0.12/turn               (no ring)
MPRegen 0.13/turn               (no ring)

@: no status effects
A: fangs 1, strong nose, distributed training
a: no special abilities


You were on level 1 of the Dungeon.
You visited 1 branch of the dungeon, and saw 3 of its levels.

You collected 158 gold pieces.

Inventory:

Hand Weapons
 g - a +0 dagger (weapon)
Missiles
 e - 11 arrows
 f - 25 stones
 i - 17 sling bullets
Armour
 a - a +0 robe (worn)
 p - a +0 pair of gloves (worn)
Scrolls
 b - a scroll of summoning {unknown}
 c - 5 scrolls of identify {unknown}
 d - a scroll of noise {unknown}
 k - 2 scrolls of teleportation {unknown}
 l - a scroll of acquirement {unknown}
 m - a scroll of fog {unknown}
 q - a scroll of enchant weapon {unknown}
 r - a scroll of blinking {unknown}
Potions
 h - a potion of curing {unknown}
 j - a potion of flight {unknown}
 o - a potion of cancellation {unknown}
 s - a potion of degeneration {unknown}


   Skills:
 + Level 1.6 Fighting
 + Level 1.6 Short Blades
 + Level 1.6 Long Blades
 + Level 1.6 Axes
 + Level 1.6 Maces & Flails
 + Level 1.6 Polearms
 + Level 1.6 Staves
 + Level 1.6 Slings
 + Level 1.6 Bows
 + Level 1.6 Crossbows
 + Level 1.6 Throwing
 + Level 1.6 Armour
 + Level 4.8 Dodging
 + Level 4.4 Stealth
 + Level 1.6 Shields
 + Level 1.6 Unarmed Combat
 + Level 5.2 Spellcasting
 + Level 1.3 Conjurations
 + Level 1.3 Hexes
 + Level 7.2 Summonings
 + Level 1.3 Necromancy
 + Level 1.3 Translocations
 + Level 1.3 Transmutations
 + Level 1.3 Fire Magic
 + Level 1.3 Ice Magic
 + Level 1.3 Air Magic
 + Level 1.3 Earth Magic
 + Level 1.3 Poison Magic
 + Level 1.8 Invocations
 + Level 1.6 Evocations


You had 13 spell levels left.
You knew the following spells:

 Your Spells              Type           Power      Damage    Failure   Level
a - Summon Small Mammal   Summ           100%       N/A       1%          1

Your spell library contained the following spells:

 Spells                   Type           Power      Damage    Failure   Level
 Call Imp                 Summ           27%        N/A       1%          2
 Call Canine Familiar     Summ           27%        N/A       2%          3
 Summon Guardian Golem    Hex/Summ       17%        N/A       8%          3
 Summon Lightning Spire   Summ/Air       17%        N/A       26%         4


Dungeon Overview and Level Annotations

Branches:
Dungeon (3/15)

Altars:

Annotations:
D:1 Natasha
D:2 1 runed translucent door, Crazy Yiuf


Innate Abilities, Weirdness & Mutations

You have very sharp teeth.
Your uncanny sense of smell can sniff out nearby items.
Your experience applies equally to all skills.


Message History

The puff of frost hits your quokka.
Your quokka dies!
Your quokka's corpse disappears in a puff of smoke!
Your rat bites the shadow imp.
The shadow imp closely misses your rat.
There is an open door here.
Your rat closely misses the shadow imp.
The shadow imp completely misses your rat.
Natasha claws your rat.
Your rat dies!
Your rat's corpse disappears in a puff of smoke!
Natasha hisses angrily.
Natasha growls.
There is a stone staircase leading up here.
Natasha claws you.
* * * LOW HITPOINT WARNING * * *
You climb upwards.
The white imp disappears in a puff of smoke!
There is a stone staircase leading down here.
You barely miss Natasha.
Natasha is severely wounded.
Natasha closely misses you.
Casting: Summon Small Mammal (safe; 1% risk of failure)
Press: ? - help, Q - select action, (/) - cycle Dir - look around, f - activate Natasha closely misses you.
You miss Natasha. Your bite misses Natasha.
Natasha is severely wounded.
Your quokka barely misses Natasha.
Natasha mewls in sadness.
Natasha barely misses you.
Your quokka closely misses Natasha.
You closely miss Natasha.
Natasha is severely wounded.
Natasha casts a spell at you. The magic dart hits you.
* * * LOW HITPOINT WARNING * * *
Your quokka bites Natasha.
You closely miss Natasha.
Natasha is almost dead.
Your quokka barely misses Natasha.
Natasha claws you.
You die...

#.#≈...≈#.#...................
##.≈<..≈.##.#.#####.###.###...
#.#≈...≈#...#...........# #...
##.≈≈≈≈≈.####.#########.###.##
#.#.#.#.#..##.# #.....#
###.#.#.#.#.##.# ###.####
#..#.#.#.#..##.# #.....
###.#.#.#.#.#.##.# ######
.....#.[....#.##@#
............#.##h######## ######
.....########.##>r......# #.....
..................#####.####.####
.....###.#.##.##.## #r.†..#.#
.....# #.#.##.##.# #.....#.#
.....# #.#.##.##.# #.....#.#
#.######.#.##.##.### #.....#.#
#.# #....#.##.##...# #.....#.#


You could see Natasha (ally target) and a friendly quokka (summoned).

Vanquished Creatures
  Jessica (D:2)
  Natasha (D:2)
  3 dart slugs (D:2)
  2 orcs (D:3)
  An endoplasm (D:1)
  2 giant cockroaches
  2 goblins
  2 hobgoblins (D:2)
  3 jackals (D:2)
  2 ball pythons (D:2)
  2 bats (D:1)
  3 frilled lizards
  A kobold (D:3)
  3 rats
28 creatures vanquished.

Vanquished Creatures (collateral kills)
  A scorpion (D:1)
  Natasha (D:2)
  An adder (D:2)
  A bat skeleton (D:2)
  4 endoplasms (D:1)
  2 giant cockroaches
  A hobgoblin (D:1)
  2 jackals (D:2)
  3 kobolds
  2 quokkas (D:1)
  2 bats (D:1)
20 creatures vanquished.

Grand Total: 48 creatures vanquished

Notes
Turn   | Place    | Note
-------+----------+-------------------------------------------
     0 | D:1      | bearlyready the Gnoll Summoner began the quest for the Orb.
     0 | D:1      | Reached XP level 1. HP: 13/13 MP: 6/6
   207 | D:1      | Reached XP level 2. HP: 16/19 MP: 5/7
   784 | D:1      | Found a faded altar of an unknown god.
  1521 | D:2      | Noticed a scorpion
  1547 | D:1      | Killed a scorpion
  1548 | D:1      | Reached skill level 1 in Fighting
  1548 | D:1      | Reached skill level 1 in Short Blades
  1548 | D:1      | Reached skill level 1 in Long Blades
  1548 | D:1      | Reached skill level 1 in Axes
  1548 | D:1      | Reached skill level 1 in Maces & Flails
  1548 | D:1      | Reached skill level 1 in Polearms
  1548 | D:1      | Reached skill level 1 in Staves
  1548 | D:1      | Reached skill level 1 in Slings
  1548 | D:1      | Reached skill level 1 in Bows
  1548 | D:1      | Reached skill level 1 in Crossbows
  1548 | D:1      | Reached skill level 1 in Throwing
  1548 | D:1      | Reached skill level 1 in Armour
  1548 | D:1      | Reached skill level 1 in Shields
  1548 | D:1      | Reached skill level 1 in Unarmed Combat
  1548 | D:1      | Reached skill level 5 in Spellcasting
  1548 | D:1      | Reached skill level 1 in Invocations
  1548 | D:1      | Reached skill level 1 in Evocations
  1548 | D:1      | Reached XP level 3. HP: 7/26 MP: 2/9
  1548 | D:1      | Reached XP level 4. HP: 9/32 MP: 2/11
  1777 | D:2      | Noticed Jessica
  1798 | D:2      | Killed Jessica
  1799 | D:2      | Reached skill level 1 in Conjurations
  1799 | D:2      | Reached skill level 1 in Hexes
  1799 | D:2      | Reached skill level 1 in Necromancy
  1799 | D:2      | Reached skill level 1 in Translocations
  1799 | D:2      | Reached skill level 1 in Transmutations
  1799 | D:2      | Reached skill level 1 in Fire Magic
  1799 | D:2      | Reached skill level 1 in Ice Magic
  1799 | D:2      | Reached skill level 1 in Air Magic
  1799 | D:2      | Reached skill level 1 in Earth Magic
  1799 | D:2      | Reached skill level 1 in Poison Magic
  2064 | D:2      | Reached XP level 5. HP: 14/37 MP: 10/12
  2477 | D:2      | Noticed Natasha
  2481 | D:2      | Killed Natasha
  2667 | D:2      | Found a runed translucent door.
  2668 | D:2      | Noticed Crazy Yiuf
  2732 | D:2      | Noticed Natasha
  2743 | D:2      | Killed Natasha
  3465 | D:2      | Noticed Natasha
  3509 | D:1      | Slain by Natasha

Illustrated notes

Levels and vault maps discovered:
D:1:      ncdulo_watergridlock, layout_loops_ring,
          dreamdust_ecumenical_altar_hidden_monk_grotto
D:2:      kennysheep_six_static_rooms, layout_basic, uniq_crazy_yiuf_cottage,
          uniq_jessica, uniq_natasha
D:3:      layout_rooms, serial_shops, shop, minmay_misc_feat_rows,
          kennysheep_potato

Skill      XL: |  1  2  3  4 |
---------------+-------------+-----
Fighting       | 1 |  1.6
Short Blades   | 1 |  1.6
Long Blades    | 1 |  1.6
Axes           | 1 |  1.6
Maces & Flails | 1 |  1.6
Polearms       | 1 |  1.6
Staves         | 1 |  1.6
Slings         | 1 |  1.6
Bows           | 1 |  1.6
Crossbows      | 1 |  1.6
Throwing       | 1 |  1.6
Armour         | 1 |  1.6
Shields        | 1 |  1.6
Unarmed Combat | 1 |  1.6
Spellcasting   | 5 |  5.2
Invocations    | 1 |  1.8
Evocations     | 1 |  1.6
Conjurations   | 1 |  1.3
Hexes          | 1 |  1.3
Necromancy     | 1 |  1.3
Translocations | 1 |  1.3
Transmutations | 1 |  1.3
Fire Magic     | 1 |  1.3
Ice Magic      | 1 |  1.3
Air Magic      | 1 |  1.3
Earth Magic    | 1 |  1.3
Poison Magic   | 1 |  1.3
Dodging        | |  4.8
Stealth        | |  4.4
Summonings     | |  7.2

Action                   |  1- 3 |  4- 6 || total
-------------------------+-------+-------++-------
Melee: Unarmed           |    43 |       ||    43
       Bite              |     5 |    20 ||    25
       Dagger            |    12 |   135 ||   147
       Punch             |       |     3 ||     3
 Cast: Summon Small Mamm |    30 |    23 ||    53
  Use: Potion            |       |     1 ||     1
 Stab: Sleeping          |     4 |     9 ||    13
       Distracted        |       |     2 ||     2
Armor: Robe              |    14 |    23 ||    37
Dodge: Dodged            |    48 |    95 ||   143

Table legend: (Time is in decaauts)
 A = Elapsed time spent in this place.
 B = Non-inter-level travel time spent in this place.
 C = Inter-level travel time spent in this place.
 D = Time resting spent in this place.
 E = Time spent auto-exploring this place.
 F = Levels seen in this place.
 G = Mean time per level.
                   A        B        C        D        E       F      G
               +--------+--------+--------+--------+--------+-----+--------+
         Total |   3500 |   3435 |     65 |     99 |   2787 |   3 | 1166.7 |
       Dungeon |   3500 |   3435 |     65 |     99 |   2787 |   3 | 1166.7 |
               +--------+--------+--------+--------+--------+-----+--------+

Top non-repeatable levels by time:
     D:2: 1813 daAuts
     D:1: 1564 daAuts
     D:3: 122 daAuts
